 Dungeon Crawl Stone Soup version 0.29.1-12-g30fa7ad0bf (webtiles) character file.

Game seed: 12786181626641207717

75 hawla the Chiller (level 4, -3/33 HPs)
             Began as a Meteoran Ice Elementalist on Jan 8, 2023.
             Slain by a white imp (4 damage)
             ... on level 3 of the Dungeon.
             The game lasted 00:02:02 (280 turns).

hawla the Chiller (Meteoran Ice Elementalist)        Turns: 280, Time: 00:02:03

Health: -3/33      AC:  2    Str: 10    XL:     4   Next: 86%
Magic:  2/10       EV: 12    Int: 18    God:
Gold:   14         SH:  0    Dex: 14    Spells: 2/10 levels left

rFire   . . .      SeeInvis .   (no weapon)
rCold   . . .      Faith    .   (no shield)
rNeg    . . .      Spirit   .   a - +0 robe
rPois   .          Reflect  .   (no helmet)
rElec   .          Harm     .   (no cloak)
rCorr   .          Rampage  .   (no gloves)
Will    .....                   (no boots)
Stlth   +.........              (no amulet)
HPRegen 0.11/turn               (no ring)
MPRegen 0.12/turn               (no ring)

@: about to teleport, very slightly contaminated, glowing
A: sense surroundings 1, otherworldly, glowing, explore regen
a: no special abilities


You were on level 3 of the Dungeon.
You visited 1 branch of the dungeon, and saw 3 of its levels.

You collected 14 gold pieces.

Inventory:

Armour
 a - a +0 robe (worn)
Scrolls
 c - a scroll of noise {unknown}
 d - a scroll of identify {unknown}
 e - a scroll of enchant armour {unknown}
 f - a scroll of teleportation
 g - a scroll of poison {unknown}
Potions
 b - a potion of magic


   Skills:
 - Level 0.2 Fighting
 - Level 2.6 Dodging
 - Level 1.4 Stealth
 - Level 3.6 Spellcasting
 + Level 1.3 Conjurations
 - Level 5.5 Ice Magic


You had 2 spell levels left.
You knew the following spells:

 Your Spells              Type           Power      Damage    Failure   Level
a - Freeze                Ice            92%        1d10      1%          1
b - Frozen Ramparts       Ice            46%        1d7       4%          3
c - Hailstorm             Conj/Ice       15%        3d5       36%         4

Your spell library contained the following spells:

 Spells                   Type           Power      Damage    Failure   Level
 Ozocubu's Armour         Ice            23%        N/A       4%          3


Dungeon Overview and Level Annotations

Branches:
Dungeon (3/15) Zot: 1517

Altars:
Okawaru


Innate Abilities, Weirdness & Mutations

You passively map a small area around you.
You are easily found by Zot.
You glow in the dark.
You regain HP and MP as you explore.


Message History

The wall freezes the kobold.
The wall freezes the kobold.
You kill the kobold!
A white imp comes into view.
Casting: Frozen Ramparts (dangerous; 4% risk of failure)
Confirm with . or Enter, or press ? or * to list all spells.
The spell is extremely dangerous to miscast (36% risk of failure)!
Continue anyway?
Casting: Hailstorm (extremely dangerous; 36% risk of failure)
Press: ? - help, Dir - look around, f - activate You miscast Hailstorm.
You are very lightly contaminated with residual magic.
Nothing appears to happen.
The white imp shouts!
The white imp completely resists.
The wall freezes the white imp but does no damage.
You hit the white imp but do no damage.
The white imp resists.
The wall freezes the white imp.
The white imp gestures at you. The puff of frost hits you!
You barely miss the white imp.
The white imp is lightly wounded.
The white imp resists.
The wall freezes the white imp.
The white imp hits you. The white imp freezes you.
You hit the white imp but do no damage.
The white imp is moderately wounded.
A giant cockroach comes into view.
The white imp completely resists.
The wall freezes the white imp but does no damage.
The white imp gestures at you. The puff of frost hits you!
As you read the scroll labelled GIQOCSECORR, it crumbles to dust.
You feel strangely unstable.
It was a scroll of teleportation.
The frozen ramparts melt away.
The white imp hits you. The white imp freezes you.
* * * LOW HITPOINT WARNING * * *
Okay, then.
The white imp attacks as you move away! The white imp hits you.
* * * LOW HITPOINT WARNING * * *
The white imp freezes you.
You die...

....................#.P._.P.#
........##..........#.......#
#####...#######.....#########
#...#.....#....##
##..#~~~~~'....## * *
#.....#.....#..,, *
########......... ,
##...###...###.... +
.....).@...# *#... ,
,..#.....5...B..).. *
.......##..#### >. * *...#.#.
.#.# , * , ..#.#.# # #.#, ,
.#.#.# #.# * ##.# * #.. , ,
,## , * , ,


You could see a white imp and a giant cockroach.

Vanquished Creatures
  A hound (D:2)
  The ghost of hawla the Chiller, a weakling MeIE (D:3)
  2 adders (D:3)
  A dart slug (D:1)
  An orc (D:3)
  A ball python (D:1)
  An endoplasm (D:1)
  2 hobgoblins (D:1)
  A frilled lizard (D:2)
  A kobold (D:3)
  A rat (D:3)
13 creatures vanquished.

Notes
Turn   | Place    | Note
-------+----------+-------------------------------------------
     0 | D:1      | hawla the Meteoran Ice Elementalist began the quest for the
                  | Orb.
     0 | D:1      | Reached XP level 1. HP: 14/14 MP: 5/5
    59 | D:1      | Reached XP level 2. HP: 14/20 MP: 4/6
   146 | D:1      | You fall into a shaft and drop 1 floor!
   167 | D:2      | Noticed a hound
   172 | D:2      | Killed a hound
   173 | D:2      | Reached skill level 5 in Ice Magic
   173 | D:2      | Reached XP level 3. HP: 7/26 MP: 3/8
   177 | D:2      | Learned a level 3 spell: Frozen Ramparts
   207 | D:3      | Reached XP level 4. HP: 33/33 MP: 5/10
   229 | D:3      | Found an iron altar of Okawaru.
   237 | D:3      | Found a runed translucent door.
   242 | D:3      | Noticed hawla's ghost (weakling MeIE)
   250 | D:3      | Learned a level 4 spell: Hailstorm
   254 | D:3      | Killed hawla's ghost
   255 | D:3      | Reached skill level 1 in Conjurations
   280 | D:3      | HP: 1/33 [white imp (4)]
   280 | D:3      | Slain by a white imp

Illustrated notes

Levels and vault maps discovered:
D:1:      dpeg_arrival_arbitrary_b, layout_loops_corners
D:2:      layout_basic
D:3:      layout_rooms, nicolae_wu_jian_immortal_techniques,
          mainiacjoe_overflow_catwalk, mainiacjoe_overflow_alcove_4,
          nicolae_dithmenos_the_darkroom, ebering_ghost_reflecting_pool,
          minivault_23

Skill      XL: |  1  2  3  4 |
---------------+-------------+-----
Spellcasting   | 3 |  3.6
Ice Magic      | 5 |  5.5
Conjurations   | 1 |  1.3
Fighting       | |  0.2
Dodging        | |  2.6
Stealth        | |  1.4

Action                   |  1- 3 |  4- 6 || total
-------------------------+-------+-------++-------
Melee: Unarmed           |     1 |     3 ||     4
 Cast: Freeze            |    16 |     4 ||    20
       Frozen Ramparts   |     1 |     2 ||     3
  Use: Scroll            |       |     1 ||     1
Armor: Robe              |     2 |       ||     2
Dodge: Dodged            |     4 |     1 ||     5
